 Dungeon Crawl Stone Soup version 0.19.4-8-ga85b6b9 (webtiles) character file.

27 JeffiDaFish the Stinger (level 3, -1/19 HPs)
             Began as a Gargoyle Venom Mage on Feb 11, 2017.
             Slain by Natasha (8 damage)
             ... on level 2 of the Dungeon.
             The game lasted 00:03:43 (1362 turns).

JeffiDaFish the Stinger (Gargoyle Venom Mage)       Turns: 1362, Time: 00:03:43

Health: -1/19      AC:  5    Str:  9 (11) XL:     3   Next: 10%
Magic:  3/6        EV: 12    Int: 12 (15) God:
Gold:   110        SH:  4    Dex: 10 (11) Spells: 1 memorised, 5 levels left

rFire  . . .     SeeInvis .     e - -3 dagger (curse)
rCold  . . .     Gourm    .     a - +0 robe
rNeg   + . .     Faith    .     (no shield)
rPois  ∞         Spirit   .     (no helmet)
rElec  +         Reflect  +     (no cloak)
rCorr  .         Harm     .     (no gloves)
MR     .....                    (no boots)
Stlth  ++........               i - +4 amulet of reflection
                                (no ring)
                                (no ring)

@: no status effects
A: negative energy resistance 1, electricity resistance, unbreathing,
petrification resistance, rot immunity, AC +3
a: no special abilities


You were on level 2 of the Dungeon.
You were not hungry.

You visited 1 branch of the dungeon, and saw 2 of its levels.

You collected 110 gold pieces.

Inventory:

Hand Weapons
 e - a cursed -3 dagger (weapon)
 f - a +1 dagger
 j - a +0 mace
Armour
 a - a +0 robe (worn)
Jewellery
 i - a +4 amulet of reflection (around neck)
Scrolls
 g - a scroll of identify
Books
 b - a Young Poisoner's Handbook

   Spells                             Type                      Level
   a - Sting                          Conjuration/Poison           1
   b - Mephitic Cloud                 Conjuration/Poison/Air       3
   c - Olgreb's Toxic Radiance        Poison                       4
   d - Alistair's Intoxication        Transmutation/Poison         5
   e - Venom Bolt                     Conjuration/Poison           5
Comestibles
 c - a bread ration
 d - 3 chunks of flesh
 h - a meat ration


   Skills:
 + Level 1.7 Dodging
 + Level 2.4 Stealth
 + Level 0.2 Unarmed Combat
 + Level 2.1 Spellcasting
 + Level 0.4 Conjurations
 + Level 4.5 Poison Magic


You had 5 spell levels left.
You knew the following spells:

 Your Spells              Type           Power        Failure   Level  Hunger
a - Sting                 Conj/Pois      #...         12%         1    ##.....


Dungeon Overview and Level Annotations

Branches:
Dungeon (2/15)

Altars:
Gozag

Annotations:
D:2 Natasha


Innate Abilities, Weirdness & Mutations

You are resistant to torment.
Your stone body is resilient. (AC +3)
You are immune to poison.
You resist negative energy. (rN+)
You are resistant to electric shocks. (rElec)
You can survive without breathing.
You are immune to petrification.
You are immune to rotting.


Message History

Press: ? - help, Shift-Dir - straight line, f/p - Natasha
Aim: Natasha (heavily wounded)
The sting hits Natasha.
Natasha is poisoned.
Natasha is severely wounded.
Natasha mumbles some strange words.
You barely miss Natasha.
Natasha is severely wounded.
Natasha mewls in sadness.
Natasha casts a spell.
The white imp hits you but does no damage.
You hit Natasha but do no damage.
Natasha is severely wounded.
Natasha misses you. The white imp barely misses you.
You hit Natasha but do no damage.
Natasha is almost dead.
Natasha claws you. The white imp closely misses you.
You barely miss Natasha.
Natasha is almost dead.
Natasha claws you!
You die...

......#
......############
.....>............
......#######.##.#
......###...#.##.#
..........#.#.##5#
......<.....#.##5#
...(..##.#.##.##h#
......##.#.##.##@#
......##.#.##.##5# r#
......##.#....##.###
....#
########.####......#
.... #.#
#[.....#######.#
#.####......#.......##
#...........#........#
######......#..÷.....#
#......#........## .#


You could see Natasha, a crimson imp, a white imp and a shadow imp.

Vanquished Creatures
  2 leopard geckos (D:2)
  2 giant cockroaches
  6 goblins
  2 hobgoblins (D:1)
  4 kobolds
  4 bats
  A frilled lizard (D:1)
  2 rats
23 creatures vanquished.

Notes
Turn   | Place    | Note
-------+----------+-------------------------------------------
     0 | D:1      | JeffiDaFish the Gargoyle Venom Mage began the quest for the Orb.
     0 | D:1      | Reached XP level 1. HP: 10/10 MP: 3/3
   595 | D:1      | Reached XP level 2. HP: 15/15 MP: 3/5
   954 | D:2      | Found an opulent altar of Gozag.
   998 | D:2      | Reached XP level 3. HP: 5/19 MP: 0/6
  1350 | D:2      | Noticed Natasha
  1362 | D:2      | Slain by Natasha

Action                   || total
-------------------------++-------
Melee: Unarmed           ||    49
       Dagger            ||    50
       Punch             ||     2
 Cast: Sting             ||    38
  Use: Scroll            ||     6
       Potion            ||     3
  Eat: Chunk             ||     2
Armor: Robe              ||    29
Dodge: Dodged            ||    76
